 Dungeon Crawl Stone Soup version 0.32-a0-799-g95e1662365 (webtiles) character file.

Game seed: 3540812159973720052

380 adelrune the Chopper (level 6, -2/47 HPs)
             Began as a Demonspawn Gladiator on Mar 22, 2024.
             Was a Believer of Uskayaw.
             Slain by a gnoll bouda
             ... wielding a +0 club
              (5 damage)
             ... on level 4 of the Dungeon.
             The game lasted 00:07:05 (3313 turns).

adelrune the Chopper (Demonspawn Gladiator)         Turns: 3313, Time: 00:07:05

Health: -2/47      AC:  6    Str: 16    XL:     6   Next: 46%
Magic:  0/7        EV: 12    Int:  8    God:    Uskayaw [**....]
Gold:   64         SH:  0    Dex: 15    Spells: 5/5 levels left

rFire   . . .        a - +0 war axe
rCold   . . .        (no shield)
rNeg    . . .        k - +0 ring mail
rPois   .            c - +0 helmet
rElec   .            (no cloak)
rCorr   .            (no gloves)
SInv    .            (no boots)
Will    .....        g - amulet of magic regeneration
Stlth   +            (no ring)
HPRegen 0.27/turn    (no ring)
MPRegen 0.60/turn

%: guardian spirit
@: weakened
A: claws 1, repulsion field 1, magic shield, magic regeneration
a: Renounce Religion, Stomp, Line Pass


You were on level 4 of the Dungeon.
You worshipped Uskayaw.
Uskayaw was noncommittal.
You visited 1 branch of the dungeon, and saw 4 of its levels.

You collected 178 gold pieces.
You spent 114 gold pieces at shops.

Inventory:

Hand Weapons
 a - a +0 war axe (weapon)
Missiles
 d - a throwing net (quivered)
 e - a javelin
Armour
 c - a +0 helmet (worn)
 k - a +0 ring mail (worn)
Jewellery
 g - an amulet of magic regeneration (around neck)
 u - a ring of fire
Scrolls
 b - 2 scrolls of identify
 f - a scroll of vulnerability {unknown}
 h - 2 scrolls of noise {unknown}
 j - 3 scrolls of teleportation
 n - a scroll of blinking
 p - a scroll of enchant armour {unknown}
 q - a scroll of poison {unknown}
 r - a scroll of amnesia {unknown}
 s - 2 scrolls of enchant weapon {unknown}
 v - a scroll of acquirement {unknown}
Potions
 i - 2 potions of curing
 l - a potion of haste {unknown}
 m - a potion of attraction {unknown}
 o - a potion of magic {unknown}
 t - a potion of enlightenment {unknown}


   Skills:
 + Level 3.6 Fighting
 * Level 4.8 Axes
 - Level 1.7 Throwing
 + Level 2.5 Armour
 - Level 2.6 Dodging
 + Level 2.6 Invocations


You had 5 spell levels left.
You didn't know any spells.
Your spell library contained the following spells:

 Spells                   Type           Power      Damage    Failure   Level
 Apportation              Tloc           0%         N/A       63%         1
 Necrotise                Necr           0%         1d4       63%         1
 Sting                    Conj/Alch      0%         1d3       63%         1
 Summon Small Mammal      Summ           0%         N/A       63%         1


Dungeon Overview and Level Annotations

Branches:
Dungeon (4/15)
 Temple: D:4-7

Altars:
Hepliaklqana
Makhleb
Uskayaw

Shops:
D:2 ?   D:4 ?


Innate Abilities, Weirdness & Mutations

You have sharp fingernails.
You are surrounded by a mild repulsion field. (EV +2)
When hurt, damage is shared between your health and your magic reserves.
You regenerate magic rapidly.


Message History

The gnoll hits you with a +0 club. The gnoll barely misses you.
The gnoll bouda barely misses you.
The gnoll hits you from afar with a +0 spear.
The gnoll closely misses you.
You barely miss the gnoll. You hit the gnoll bouda.
You hit the gnoll but do no damage. The gnoll hits you but does no damage.
The gnoll bouda closely misses you. The gnoll hits you but does no damage.
The gnoll hits you with a +0 club. The gnoll hits you but does no damage.
The gnoll bouda hits you with a +0 club.
You hit the gnoll.
The gnoll is heavily wounded.
You closely miss the gnoll bouda. You hit the gnoll.
The gnoll hits you from afar with a +0 spear.
The gnoll barely misses you. The gnoll hits you with a +0 club.
The gnoll bouda closely misses you.
The gnoll hits you from afar with a +0 spear.
* * * LOW HITPOINT WARNING * * *
You stomp with the beat, sending a shockwave through the revellers around you!
The gnoll is almost dead.
The gnoll is severely wounded.
The gnoll bouda is heavily wounded.
The gnoll barely misses you. The gnoll hits you with a +0 club.
* * * LOW HITPOINT WARNING * * *
The gnoll bouda hits you with a +0 club.
* * * LOW HITPOINT WARNING * * *
The gnoll barely misses you.
You hit the gnoll.
You kill the gnoll!
You hit the gnoll but do no damage. You hit the gnoll bouda.
The gnoll hits you but does no damage. The gnoll bouda closely misses you.
The gnoll hits you from afar with a +0 spear.
* * * LOW HITPOINT WARNING * * *
You closely miss the gnoll.
The gnoll is severely wounded.
You closely miss the gnoll bouda.
The gnoll is no longer moving quickly.
The gnoll hits you with a +0 club.
* * * LOW HITPOINT WARNING * * *
The gnoll bouda hits you with a +0 club!
You die...
Your body falls in perfect tune with the rhythm.

## ....#.. #. ##
....... #. #> .......
#. #. ....... ### #.
....... #..
##.#g............#..
#..gg...............
#..@)...............
#......#...##.......
###......#............
#....!...............#
#........##..........#
#........# #.........#
#.........#####.##.....
#.....##...####.####...
#.....#....†##...# #...


You could see a gnoll bouda and 2 gnolls.

Vanquished Creatures
  An ogre (D:4)
  A hound (D:4)
  An orc priest (D:4)
  2 iguanas (D:4)
  5 gnolls
  3 adders (D:2)
  3 dart slugs
  A ribbon worm (D:3)
  6 orcs
  7 bats
  10 endoplasms
  6 giant cockroaches
  8 goblins
  6 hobgoblins
  15 jackals
  7 kobolds
  2 quokkas
  5 ball pythons
  5 frilled lizards
  6 rats
100 creatures vanquished.

Notes
Turn   | Place    | Note
-------+----------+-------------------------------------------
     0 | D:1      | adelrune the Demonspawn Gladiator began the quest for the
                  | Orb.
     0 | D:1      | Reached XP level 1. HP: 16/16 MP: 1/1
    80 | D:1      | Reached skill level 3 in Axes
    86 | D:1      | Gained mutation: You regenerate magic rapidly. [demonic
                  | ancestry]
    86 | D:1      | Reached XP level 2. HP: 20/22 MP: 2/2
   292 | D:1      | Reached skill level 1 in Armour
   372 | D:1      | Gained mutation: When hurt, damage is shared between your
                  | health and your magic reserves. [demonic ancestry]
   372 | D:1      | Reached XP level 3. HP: 28/28 MP: 3/3
  1025 | D:2      | Reached XP level 4. HP: 31/34 MP: 4/4
  1039 | D:2      | Found a hide-covered altar of Uskayaw.
  1060 | D:2      | Became a worshipper of Uskayaw the Reveller
  1183 | D:2      | Reached * piety under Uskayaw
  1305 | D:2      | Reached skill level 4 in Axes
  1306 | D:2      | Reached ** piety under Uskayaw
  1506 | D:2      | Found Kuelapt's Magic Scroll Shoppe.
  1509 | D:2      | Bought a scroll of blinking for 90 gold pieces
  1509 | D:2      | Bought a scroll of identify for 24 gold pieces
  1768 | D:3      | Reached skill level 1 in Invocations
  1904 | D:3      | Gained mutation: You are surrounded by a mild repulsion
                  | field. (EV +2) [demonic ancestry]
  1904 | D:3      | Reached XP level 5. HP: 41/41 MP: 2/5
  2007 | D:3      | Found a hazy altar of Hepliaklqana.
  2729 | D:4      | Found a burning altar of Makhleb.
  2862 | D:4      | Noticed an ogre
  2889 | D:4      | Reached *** piety under Uskayaw
  2890 | D:4      | Killed an ogre
  2891 | D:4      | Gained mutation: You have sharp fingernails. [demonic
                  | ancestry]
  2891 | D:4      | Reached XP level 6. HP: 25/47 MP: 7/7
  3291 | D:4      | Found Tounutt's Magic Scroll Shoppe.
  3313 | D:4      | Slain by a gnoll bouda

Illustrated notes

Levels and vault maps discovered:
D:1:      saegor_arrival_simple_b, layout_basic
D:2:      layout_rooms, basic_altar, serial_shops, nicolae_shop_rolled_up
D:3:      layout_basic, mainiacjoe_overflow_catwalk
D:4:      layout_basic, kennysheep_mini, mainiacjoe_overflow_alcove_1,
          serial_shops, shop

Skill      XL: |  1  2  3  4  5 |
---------------+----------------+-----
Axes           | 3 4 |  4.8
Armour         | 1 2 |  2.5
Fighting       | 3 |  3.6
Invocations    | 1 2 |  2.6
Throwing       | |  1.7
Dodging        | |  2.6

Action                     |  1- 3 |  4- 6 || total
---------------------------+-------+-------++-------
  Melee: War axe           |    89 |   164 ||   253
  Throw: Throwing net      |       |     2 ||     2
 Invoke: Stomp             |       |     5 ||     5
    Use: Scroll            |       |     2 ||     2
   Stab: Paralysed         |       |     3 ||     3
         Held in net/web   |       |     2 ||     2
 Armour: Leather armour    |    39 |       ||    39
         Ring mail         |    24 |   159 ||   183
  Dodge: Dodged            |    58 |   114 ||   172

Table legend: (Time is in decaauts)
 A = Elapsed time spent in this place.
 B = Non-inter-level travel time spent in this place.
 C = Inter-level travel time spent in this place.
 D = Time resting spent in this place.
 E = Time spent auto-exploring this place.
 F = Levels seen in this place.
 G = Mean time per level.
                   A        B        C        D        E       F      G
               +--------+--------+--------+--------+--------+-----+--------+
         Total |   3389 |   3327 |     62 |    463 |   2193 |   4 |  847.2 |
       Dungeon |   3389 |   3327 |     62 |    463 |   2193 |   4 |  847.2 |
               +--------+--------+--------+--------+--------+-----+--------+

Top non-repeatable levels by time:
     D:1: 983 daAuts
     D:3: 921 daAuts
     D:4: 785 daAuts
     D:2: 699 daAuts
